 Dungeon Crawl Stone Soup version 0.29.1-1-gd02db6906a (console) character file.

Game seed: 8247232413064095859

145 om the Firebug (level 5, 0/36 HPs)
             Began as a Demonspawn Fire Elementalist on Oct 21, 2022.
             Slain by an orc priest
             ... wielding a +0 club
              (1 damage)
             ... on level 4 of the Dungeon.
             The game lasted 00:07:04 (2961 turns).

om the Firebug (Demonspawn Fire Elementalist)       Turns: 2961, Time: 00:07:05

Health: 0/36       AC:  5    Str: 10    XL:     5   Next: 6%
Magic:  4/9        EV: 12    Int: 16    God:
Gold:   160        SH:  0    Dex: 14    Spells: 7/10 levels left

rFire   . . .      SeeInvis .   o - staff of conjuration
rCold   + . .      Faith    .   (no shield)
rNeg    . . .      Spirit   .   a - +0 robe
rPois   .          Reflect  .   (no helmet)
rElec   .          Harm     .   (no cloak)
rCorr   .          Rampage  .   (no gloves)
Will    .....                   (no boots)
Stlth   ++........              (no amulet)
HPRegen 0.12/turn               h - ring of protection from cold
MPRegen 0.11/turn               (no ring)

@: no status effects
A: slimy green scales 2
a: no special abilities


You were on level 4 of the Dungeon.
You visited 1 branch of the dungeon, and saw 4 of its levels.

You collected 160 gold pieces.

Inventory:

Hand Weapons
 c - a +0 dagger
 e - a +0 quarterstaff
Missiles
 d - 2 throwing nets
Armour
 a - a +0 robe (worn)
Magical Staves
 o - a staff of conjuration (weapon)
Jewellery
 h - a ring of protection from cold (left hand)
Wands
 f - a wand of acid (11)
 l - a wand of charming (8)
Scrolls
 g - a scroll of silence
 j - a scroll of noise {unknown}
Potions
 b - a potion of magic
 m - a potion of cancellation
 n - a potion of berserk rage {unknown}


   Skills:
 + Level 0.8 Fighting
 + Level 1.8 Staves
 - Level 1.7 Dodging
 - Level 1.7 Stealth
 - Level 3.0 Spellcasting
 - Level 2.0 Conjurations
 + Level 3.6 Fire Magic


You had 7 spell levels left.
You knew the following spells:

 Your Spells              Type           Power      Damage    Failure   Level
a - Foxfire               Conj/Fire      68%        2x1d7     6%          1
b - Scorch                Fire           28%        2d6       6%          2

Your spell library contained the following spells:

 Spells                   Type           Power      Damage    Failure   Level
 Conjure Flame            Conj/Fire      17%        6-21      17%         3
 Sandblast                Erth           4%         2d4       19%         1
 Inner Flame              Hex/Fire       8%         N/A       26%         3
 Blink                    Tloc           4%         N/A       28%         2
 Passwall                 Tmut/Erth      1%         N/A       28%         2
 Stone Arrow              Conj/Erth      16%        3d8       36%         3
 Gell's Gravitas          Tloc           2%         N/A       50%         3
 Lesser Beckoning         Tloc           2%         N/A       50%         3
 Teleport Other           Tloc           2%         N/A       50%         3
 Flame Wave               Conj/Fire      17%        2d7       50%         4
 Manifold Assault         Tloc           2%         N/A       99%         5
 Dispersal                Tloc           1%         N/A       100%        6


Dungeon Overview and Level Annotations

Branches:
Dungeon (4/15)
 Temple: D:4-7

Altars:
Makhleb
Ru
Sif Muna
Yredelemnul

Shops:
D:3 ([*   D:4 :


Innate Abilities, Weirdness & Mutations

You are mostly covered in slimy green scales. (AC +3)


Message History

You feel a surge of power!
You conjure some foxfire!
The foxfire hits something.
The orc priest calls down the wrath of Beogh upon you.
Beogh smites you!
* * * LOW HITPOINT WARNING * * *
The orc barely misses you.
Okay, then.
It was a potion of heal wounds.
You feel much better.
The foxfire hits the orc.
You kill the orc!
Something hits you but does no damage.
The orc priest mumbles some strange prayers to Beogh against you.
Beogh smites you!
Things that are here:
a +0 flail of protection; an orc corpse Something hits you but does no damage.
The orc hits you with a +0 flail.
You are too injured to fight recklessly!
You are too injured to fight recklessly!
Casting: Foxfire (safe; 6% risk of failure)
Confirm with . or Enter, or press ? or * to list all spells.
You feel a surge of power!
You conjure some foxfire!
The orc barely misses you. Something hits you but does no damage.
Casting: Foxfire (safe; 6% risk of failure)
Confirm with . or Enter, or press ? or * to list all spells.
You feel a surge of power!
You conjure some foxfire!
The foxfire hits something.
The foxfire hits the orc priest.
The orc priest is moderately wounded.
The orc hits you but does no damage. The orc priest hits you with a +0 club.
* * * LOW HITPOINT WARNING * * *
You hear some strange, mumbled words.
A magic dart appears from out of thin air!
The magic dart hits you.
* * * LOW HITPOINT WARNING * * *
The foxfire hits the orc priest.
The orc priest is severely wounded.
The foxfire hits the orc priest but does no damage.
The orc priest is severely wounded.
The orc hits you with a +0 flail.
* * * LOW HITPOINT WARNING * * *
The orc priest hits you with a +0 club.
You die...

##### #.≈≈≈.≈≈≈# ...#
#.≈≈⌠.⌠≈≈#
.#####.#####....∩...##
...........#.≈b⌠.⌠≈≈.#
..........(..≈≈≈.≈≈≈.#
#.............≈≈.≈≈..#
........##.###....#.##
######+.#..####o..#.########
..#...#.#......)@o....)....#
†.#...#.#..####{#.#######.##
......#.#...........
#._.###.#.#####..#.#.#
......#...........># #
..#...#.#.#####.....
..#...#.#.# #.##.#.
######'.#.. ... .#.
.###...)#######


You could see an orc priest and an orc.

Vanquished Creatures
  Ijyb (D:3)
  An orc wizard (D:4)
  2 adders
  A worm (D:3)
  A dart slug (D:2)
  3 orcs
  7 endoplasms
  2 giant cockroaches
  5 goblins
  5 hobgoblins
  10 jackals
  3 ball pythons
  6 bats
  9 frilled lizards
  5 kobolds
  7 rats
68 creatures vanquished.

Vanquished Creatures (others)
  108 foxfires
108 creatures vanquished.

Grand Total: 176 creatures vanquished

Notes
Turn   | Place    | Note
-------+----------+-------------------------------------------
     0 | D:1      | om the Demonspawn Fire Elementalist began the quest for the
                  | Orb.
     0 | D:1      | Reached XP level 1. HP: 13/13 MP: 3/3
   133 | D:1      | Gained mutation: You are partially covered in slimy green
                  | scales. (AC +2) [demonic ancestry]
   133 | D:1      | Reached XP level 2. HP: 19/19 MP: 0/5
   369 | D:1      | Found a faded altar of an unknown god.
   651 | D:1      | Learned a level 2 spell: Scorch
  1034 | D:2      | Identified the +9 dagger of Generosity {flame, *Corrode
                  | +Blink rElec Dex+9}
  1071 | D:2      | Gained mutation: You are mostly covered in slimy green
                  | scales. (AC +3) [demonic ancestry]
  1071 | D:2      | Reached XP level 3. HP: 17/24 MP: 2/6
  1256 | D:2      | Found a basalt altar of Yredelemnul.
  1648 | D:3      | Found Xeham's Armour Emporium.
  1677 | D:3      | Found Nynatauw's Assorted Antiques.
  2112 | D:2      | Reached XP level 4. HP: 16/31 MP: 2/7
  2272 | D:3      | Noticed Ijyb
  2283 | D:3      | Killed Ijyb
  2284 | D:3      | Reached skill level 1 in Staves
  2390 | D:3      | Found Cemor's Antique Weapon Shop.
  2594 | D:3      | Found a shimmering blue altar of Sif Muna.
  2768 | D:4      | Found a sacrificial altar of Ru.
  2815 | D:4      | Found a burning altar of Makhleb.
  2815 | D:4      | Noticed a balrug
  2818 | D:4      | Noticed a ynoxinul
  2818 | D:4      | Noticed a neqoxec
  2824 | D:4      | Reached XP level 5. HP: 32/36 MP: 9/9
  2898 | D:4      | Found Mirad's Self-Improvement Boutique.
  2961 | D:4      | HP: 1/36 [orc/+0 flail (2)]
  2961 | D:4      | Slain by an orc priest

Illustrated notes

Levels and vault maps discovered:
D:1:      zaba_arrival_water, layout_rooms,
          hellmonk_ecumenical_altar_crossroads, wad_floor_pattern_2
D:2:      layout_rooms, basic_altar
D:3:      layout_rooms, old_standard_altar, serial_shops, shop_fountains,
          shop_fountains, shop, minivault_4, chequers_serial_rivers_micro_d,
          uniq_ijyb
D:4:      layout_basic, makhleb_altar_promises_db,
          nicolae_ru_great_annihilating_truth, xom_butterflies,
          corexii_corridor_pit, minmay_stone_trees_medium,
          nicolae_shop_self_help

Skill      XL: |  1  2  3  4 |
---------------+-------------+-----
Fire Magic     | 3 |  3.6
Staves         | 1 |  1.8
Conjurations   | 2 |  2.0
Spellcasting   | 3 |  3.0
Fighting       | |  0.8
Dodging        | |  1.7
Stealth        | |  1.7

Action                   |  1- 3 |  4- 6 || total
-------------------------+-------+-------++-------
Melee: Unarmed           |     8 |       ||     8
       Quarterstaff      |    49 |    28 ||    77
       Dagger            |     5 |       ||     5
       Staff             |       |    15 ||    15
 Cast: Foxfire           |    47 |    15 ||    62
       Scorch            |       |     3 ||     3
  Use: Scroll            |     6 |     3 ||     9
       Potion            |       |     2 ||     2
 Stab: Sleeping          |     2 |       ||     2
       Distracted        |     1 |       ||     1
       Paralysed         |       |     1 ||     1
Armor: Robe              |    41 |    20 ||    61
Dodge: Dodged            |    65 |    28 ||    93
